 Dungeon Crawl Stone Soup version 0.22.1-1-ga44c0e56f4 (webtiles) character file.

277 Qbius the Chopper (level 6, -4/53 HPs)
             Began as a Minotaur Gladiator on Nov 1, 2018.
             Was an Initiate of Cheibriados.
             Slain by a gnoll (5 damage)
             ... on level 5 of the Dungeon on Nov 4, 2018.
             The game lasted 00:19:57 (3036 turns).

Qbius the Chopper (Minotaur Gladiator)              Turns: 3036, Time: 00:19:57

Health: -4/53      AC:  6    Str: 21    XL:     6   Next: 4%
Magic:  5/5        EV: 13    Int:  6    God:    Cheibriados [......]
Gold:   289        SH:  0    Dex: 15    Spells: 5/5 levels left

rFire    . . .     SeeInvis .   j - -2 club (curse)
rCold    . . .     Gourm    .   (no shield)
rNeg     . . .     Faith    .   o - +0 ring mail (curse)
rPois    .         Spirit   .   c - +0 hat
rElec    +         Reflect  .   r - scarf {repulsion}
rCorr    .         Harm     .   q - +0 pair of gloves
MR       .....     Rnd*Rage +   (no boots)
Stlth    +.........             (no amulet)
HPRegen  0.17/turn              (no ring)
MPRegen  0.09/turn              (no ring)

@: berserk cooldown, repel missiles, very slow
A: retaliatory headbutt, horns 2, agile 1, berserk 1, electricity resistance, no
potion heal 1
a: Bend Time, Renounce Religion


You were on level 5 of the Dungeon.
You worshipped Cheibriados.
Cheibriados was noncommittal.
You were hungry.

You visited 1 branch of the dungeon, and saw 5 of its levels.

You collected 289 gold pieces.

Inventory:

Hand Weapons
 a - a +0 war axe
 e - a +0 short sword
 i - a +0 mace
 j - a cursed -2 club (weapon)
 n - a +0 club
 t - a +0 spear
 v - a +0 hand axe
Missiles
 d - 3 throwing nets (quivered)
Armour
 b - a +0 leather armour
 c - a +0 hat (worn)
 f - a +0 chain mail
 k - a +0 helmet
 o - a cursed +0 ring mail (worn)
 q - a +0 pair of gloves (worn)
 r - a scarf of repulsion (worn)
 s - a +0 ring mail
Wands
 z - a wand of iceblast (12)
Scrolls
 g - 2 scrolls of teleportation
 h - a scroll of enchant weapon {unknown}
 l - a scroll of remove curse {unknown}
 w - 2 scrolls of amnesia
 x - a scroll of magic mapping {unknown}
 y - a scroll of immolation
Potions
 p - a potion of mutation
Comestibles
 m - 4 rations


   Skills:
 * Level 4.3 Fighting
 + Level 5.7 Axes
 + Level 0.4(3.5) Maces & Flails
 + Level 2.2 Throwing
 + Level 2.6 Armour
 + Level 4.3 Dodging


You had 5 spell levels left.
You didn't know any spells.
Your spell library was empty.

Dungeon Overview and Level Annotations

Branches:
Dungeon (5/15)
 Temple: D:4-7

Altars:
Cheibriados
Zin


Innate Abilities, Weirdness & Mutations

You reflexively headbutt those who attack you in melee.
You have a pair of horns on your head.
You are agile. (Dex +2)
You tend to lose your temper in combat.
You are resistant to electric shocks. (rElec)
Potions are less effective at restoring your health.


Message History

* * * LOW HITPOINT WARNING * * *
The hound skeleton misses you.
You hit the hound skeleton.
You destroy the hound skeleton!
Cheibriados appreciates the change of pace.
You have reached level 6!
Your experience leads to an increase in your attributes!
Your base attributes are Str 19, Int 5, Dex 12.
Increase (S)trength, (I)ntelligence, or (D)exterity?
You feel stronger. The gnoll hits you.
* * * LOW HITPOINT WARNING * * *
The gnoll hits you but does no damage.
The leopard gecko hisses menacingly.
The gnoll closely misses you.
You hit the gnoll.
You kill the gnoll!
Cheibriados thoroughly appreciates the change of pace.
The gnoll hits you.
You die...

###.....# #...#...#.##
.# #.#.#...#..<#.#
###.#.....#..#..
#.......#.#.....
#.#(#.#.<.##l#.#
##.#.#.#.####.#.#
..(..#.#.####)#g#.#.#.
.............(.@)....><
.........##..#####.#...
.######..##........#
#..##.########
#............
##.##.####### #.##.#
...#.# ....#.#


You could see a gnoll and a leopard gecko.

Vanquished Creatures
  An orc priest (D:3)
  An orc wizard (D:3)
  2 hound skeletons
  5 adders (D:2)
  6 gnolls
  An ooze (D:5)
  4 worms
  3 dart slugs
  2 leopard geckos
  4 orcs
  4 giant cockroaches
  4 goblins
  6 hobgoblins
  5 jackals (D:1)
  3 ball pythons
  3 bats
  2 frilled lizards (D:2)
  8 kobolds
  10 rats
  2 fungi (D:1)
76 creatures vanquished.

Notes
Turn   | Place    | Note
-------+----------+-------------------------------------------
     0 | D:1      | Qbius the Minotaur Gladiator began the quest for the Orb.
     0 | D:1      | Reached XP level 1. HP: 18/18 MP: 0/0
   290 | D:1      | Reached skill level 4 in Axes
   290 | D:1      | Reached XP level 2. HP: 25/25 MP: 1/1
   915 | D:2      | Reached XP level 3. HP: 30/30 MP: 2/2
  1370 | D:2      | Reached XP level 4. HP: 28/37 MP: 3/3
  1478 | D:2      | Reached skill level 1 in Armour
  1664 | D:2      | Reached skill level 5 in Axes
  1962 | D:3      | HP: 1/38 [gnoll/spear (6)]
  1966 | D:3      | Reached XP level 5. HP: 2/45 MP: 4/4
  2514 | D:3      | Found a snail-covered altar of Cheibriados.
  2514 | D:3      | Found a glowing silver altar of Zin.
  2536 | D:3      | Became a worshipper of Cheibriados the Contemplative
  2950 | D:3      | Gained mutation: You tend to lose your temper in combat.
                  | [potion of mutation]
  2950 | D:3      | Gained mutation: You are agile. (Dex +2) [potion of
                  | mutation]
  2950 | D:3      | Gained mutation: Potions are less effective at restoring
                  | your health. [potion of mutation]
  2950 | D:3      | Gained mutation: You are resistant to electric shocks.
                  | (rElec) [potion of mutation]
  2994 | D:5      | Entered Level 5 of the Dungeon
  3035 | D:5      | Reached XP level 6. HP: 4/52 MP: 5/5
  3035 | D:5      | HP: 1/52 [gnoll (3)]
  3036 | D:5      | Slain by a gnoll

Skill      XL: |  1  2  3  4  5 |
---------------+----------------+-----
Axes           | 4 5 |  5.7
Dodging        | 4 |  4.3
Fighting       | 3 4 |  4.3
Armour         | 1 2 |  2.6
Maces & Flails | |  0.4
Throwing       | |  2.2

Action                   |  1- 3 |  4- 6 || total
-------------------------+-------+-------++-------
Melee: War axe           |    83 |    43 ||   126
       Headbutt          |    13 |    24 ||    37
       Club              |       |    64 ||    64
  Use: Scroll            |     2 |     3 ||     5
       Potion            |       |     4 ||     4
  Eat: Ration            |     2 |       ||     2
Armor: Leather armour    |    10 |       ||    10
       Chain mail        |     4 |       ||     4
       Ring mail         |       |    58 ||    58
Dodge: Dodged            |    43 |   114 ||   157
       Deflected         |       |     3 ||     3
